 Dungeon Crawl Stone Soup version 0.32-a0-913-g739538afd8 (webtiles) character file.

Game seed: 10618991911680564630

35 dialectric the Sneak (level 3, 0/18 HPs)
             Began as a Spriggan Brigand on Apr 7, 2024.
             Slain by a ribbon worm (3 damage)
             ... on level 2 of the Dungeon.
             The game lasted 00:01:29 (755 turns).

dialectric the Sneak (Spriggan Brigand)              Turns: 755, Time: 00:01:30

Health: 0/18       AC:  4    Str:  9    XL:     3   Next: 16%
Magic:  4/4        EV: 16    Int: 12    God:
Gold:   81         SH:  0    Dex: 16    Spells: 2/2 levels left

rFire   . . .        a - +2 dagger
rCold   . . .        (no shield)
rNeg    . . .        b - +0 robe
rPois   .            (helmet restricted)
rElec   .            c - +1 cloak
rCorr   .            (gloves unavailable)
SInv    +            (boots unavailable)
Will    .....        (no amulet)
Stlth   +++          (no ring)
HPRegen 0.23/turn    (no ring)
MPRegen 0.09/turn

%: no passive effects
@: very quick
A: very small, no large weapons, unfitting armour, see invisible, speed 3
a: no special abilities


You were on level 2 of the Dungeon.
You visited 1 branch of the dungeon, and saw 2 of its levels.

You collected 81 gold pieces.

Inventory:

Hand Weapons
 a - a +2 dagger (weapon)
Missiles
 d - 9 poisoned darts (quivered)
 e - 3 curare-tipped darts
 g - a throwing net
Armour
 b - a +0 robe (worn)
 c - a +1 cloak (worn)
Scrolls
 f - a scroll of amnesia {unknown}
 i - a scroll of teleportation {unknown}


   Skills:
 + Level 1.9 Fighting
 + Level 2.5 Short Blades
 + Level 2.3 Throwing
 + Level 2.1 Dodging
 * Level 6.5 Stealth


You had 2 spell levels left.
You didn't know any spells.
Your spell library was empty.

Dungeon Overview and Level Annotations

Branches:
Dungeon (2/15)

Altars:

Shops:
D:2 [


Innate Abilities, Weirdness & Mutations

You are very small and have problems with some larger weapons.
You are too small for most types of armour.
You have supernaturally acute eyesight. (SInv)
You cover ground extremely quickly. (Speed+++)


Message History

You hit the ribbon worm.
The ribbon worm is heavily wounded.
The ribbon worm expels a string of sticky webbing.
The stream of webbing hits you but does no damage.
You are caught in a web!
You are caught in a web!
You are caught in a web!
You are caught in a web!
You are caught in a web!
You are caught in a web!
You are caught in a web!
You are caught in a web!
You are caught in a web!
You are caught in a web!
You are caught in a web!
You are caught in a web!
Unknown command.
You struggle to detach yourself from the web.
The ribbon worm bites you.
You struggle to detach yourself from the web.
The ribbon worm bites you.
The web tears apart.
You barely miss the ribbon worm.
The ribbon worm is heavily wounded.
The ribbon worm closely misses you.
A gnoll comes into view. It is wielding a +0 flail.
You barely miss the ribbon worm.
The ribbon worm is moderately wounded.
The ribbon worm bites you!
* * * LOW HITPOINT WARNING * * *
The gnoll shouts!
You hit the ribbon worm.
The ribbon worm is heavily wounded.
You hit the ribbon worm.
The ribbon worm is severely wounded.
The ribbon worm expels a string of sticky webbing.
The stream of webbing hits you but does no damage.
You are caught in a web!
The web tears apart.
The ribbon worm bites you.
You die...

### ####### #
....#.....## ##
.(.........## #.
......w@....# #.
...g........# #.
.......#.#..####
#.
.....###.#.....#
#. ...##
..##....#########
.#
.#..###........##.
####. #..#####.##.
.. ##.# #.... #..#
###..


You could see a ribbon worm (catching breath) and a gnoll.

Vanquished Creatures
  A gnoll (D:1)
  A dart slug (D:1)
  5 bats
  An endoplasm (D:1)
  A giant cockroach (D:1)
  4 hobgoblins
  2 quokkas (D:1)
  2 ball pythons (D:1)
  3 frilled lizards
  A kobold (D:1)
  2 rats (D:1)
23 creatures vanquished.

Notes
Turn   | Place    | Note
-------+----------+-------------------------------------------
     0 | D:1      | dialectric the Spriggan Brigand began the quest for the
                  | Orb.
     0 | D:1      | Reached XP level 1. HP: 10/10 MP: 2/2
    44 | D:1      | Reached skill level 6 in Stealth
   122 | D:1      | Reached XP level 2. HP: 9/15 MP: 3/3
   538 | D:1      | Reached XP level 3. HP: 18/18 MP: 4/4
   642 | D:2      | Found Hoimip's Armour Boutique.
   755 | D:2      | Slain by a ribbon worm

Illustrated notes

Levels and vault maps discovered:
D:1:      lightli_arrival_farm, layout_rooms
D:2:      minmay_skewed_foursquare, layout_rooms, serial_shops, shop, shop,
          nicolae_shop_tiny_statue_garden, shop, shop, minmay_quantized

Skill      XL: |  1  2 |
---------------+-------+-----
Stealth        | 6 |  6.5
Dodging        | 2 |  2.1
Fighting       | |  1.9
Short Blades   | |  2.5
Throwing       | |  2.3

Action                     || total
---------------------------++-------
  Melee: Dagger            ||    64
  Throw: Dart              ||    15
    Use: Scroll            ||     2
   Stab: Sleeping          ||     5
 Armour: Robe              ||    55
  Dodge: Dodged            ||    43

Table legend: (Time is in decaauts)
 A = Elapsed time spent in this place.
 B = Non-inter-level travel time spent in this place.
 C = Inter-level travel time spent in this place.
 D = Time resting spent in this place.
 E = Time spent auto-exploring this place.
 F = Levels seen in this place.
 G = Mean time per level.
                   A        B        C        D        E       F      G
               +--------+--------+--------+--------+--------+-----+--------+
         Total |    525 |    525 |      0 |     36 |    314 |   2 |  262.5 |
       Dungeon |    525 |    525 |      0 |     36 |    314 |   2 |  262.5 |
               +--------+--------+--------+--------+--------+-----+--------+

Top non-repeatable levels by time:
     D:1: 434 daAuts
     D:2: 91 daAuts
